 Dungeon Crawl Stone Soup version 0.27-a0-998-g4cfe56dd59 (webtiles) character file.

Game seed: 5524995577050503615

142 shoop the Chopper (level 5, -6/43 HPs)
             Began as a Palentonga Abyssal Knight on Apr 16, 2021.
             Was a Believer of Lugonu.
             Mangled by a wyvern zombie (12 damage)
             ... on level 4 of the Dungeon.
             The game lasted 00:06:09 (2968 turns).

shoop the Chopper (Palentonga Abyssal Knight)       Turns: 2968, Time: 00:06:09

Health: -6/43      AC:  5    Str: 16    XL:     5   Next: 4%
Magic:  5/6        EV:  9    Int: 12    God:    Lugonu [**....]
Gold:   117        SH:  0    Dex: 10    Spells: 4/4 levels left

rFire    . . .     SeeInvis +   a - +1 hand axe
rCold    . . .     Faith    +   (no shield)
rNeg     . . .     Spirit   .   b - +0 leather armour
rPois    .         Reflect  .   e - +0 helmet
rElec    .         Harm     .   (no cloak)
rCorr    .         Rampage  .   (no gloves)
Will     .....                  (no barding)
Stlth    +.........             n - amulet of faith
HPRegen  0.14/turn              (no ring)
MPRegen  0.10/turn              (no ring)

@: no status effects
A: large, rugged brown scales 3, see invisible, deformed body, roll 1, armoured
tail
a: Rolling Charge, Renounce Religion, Depart the Abyss, Bend Space


You were on level 4 of the Dungeon.
You worshipped Lugonu.
Lugonu was pleased with you.
You visited 1 branch of the dungeon, and saw 4 of its levels.
You visited the Abyss 1 time.

You collected 117 gold pieces.

Inventory:

Hand Weapons
 a - a +1 hand axe (weapon)
Missiles
 g - 28 poisoned darts (quivered)
Armour
 b - a +0 leather armour (worn)
 e - a +0 helmet (worn)
Jewellery
 j - an amulet of reflection
 n - an amulet of faith (around neck)
Scrolls
 c - 2 scrolls of identify {unknown}
 d - a scroll of teleportation {unknown}
 i - a scroll of immolation {unknown}
 l - a scroll of vulnerability {unknown}
 o - a scroll of fear {unknown}
 p - 2 scrolls of acquirement {unknown}
Potions
 f - a potion of curing {unknown}
 h - 4 potions of haste {unknown}
 k - a potion of heal wounds {unknown}
 m - a potion of might {unknown}


   Skills:
 - Level 3.0 Fighting
 * Level 4.7 Axes
 - Level 1.0 Throwing
 - Level 1.5 Armour
 - Level 0.7 Dodging
 - Level 1.0 Stealth
 - Level 2.0 Invocations


You had 4 spell levels left.
You didn't know any spells.
Your spell library contained the following spells:

 Spells                   Type           Power      Damage    Failure   Level
 Beastly Appendage        Tmut           0%         N/A       38%         1
 Wereblood                Tmut           0%         N/A       52%         2
 Spider Form              Tmut/Pois      0%         N/A       77%         3
 Ice Form                 Ice/Tmut       0%         N/A       99%         4
 Hydra Form               Tmut           0%         N/A       100%        5


Dungeon Overview and Level Annotations

Branches:
Dungeon (4/15)
 Temple: D:4-7

Altars:

Annotations:
D:3 Purgy
D:4 Dowan, Duvessa


Innate Abilities, Weirdness & Mutations

You are completely covered in rugged brown scales. (AC +3, +7% HP)
You have supernaturally acute eyesight. (SInv)
Armour fits poorly on your strangely shaped body.
You can roll at nearby foes to attack.
You have a long armoured tail.


Message History

h - 2 sapphire potions (gained 1)
h - 4 sapphire potions (gained 2)
A wyvern zombie comes into view.
Roll where?
Press: ? - help, Dir - move target, f - wyvern zombie
Aim: a wyvern zombie You roll forward with a clatter of scales!
You hit the wyvern zombie.
You tail-slap the wyvern zombie, but do no damage.
The wyvern zombie is lightly damaged.
The wyvern zombie bites you but does no damage.
You hit the wyvern zombie. You tail-slap the wyvern zombie.
The wyvern zombie is moderately damaged.
The wyvern zombie bites you but does no damage.
You hit the wyvern zombie.
The wyvern zombie is moderately damaged.
The wyvern zombie bites you but does no damage.
The wyvern zombie barely misses you.
You barely miss the wyvern zombie.
The wyvern zombie is moderately damaged.
The wyvern zombie bites you.
You hit the wyvern zombie.
The wyvern zombie is moderately damaged.
The wyvern zombie bites you!
You hit the wyvern zombie.
The wyvern zombie is heavily damaged.
The wyvern zombie bites you. The wyvern zombie bites you!
Space bends around you!
You blink.
Roll where?
Press: ? - help, Dir - move target, f/p - wyvern zombie
Aim: a wyvern zombie (translocational energy, heavily damaged)
You roll forward with a clatter of scales!
You slash the wyvern zombie!
The wyvern zombie is severely damaged.
The wyvern zombie bites you!
* * * LOW HITPOINT WARNING * * *
You hit the wyvern zombie. You tail-slap the wyvern zombie.
The wyvern zombie is almost destroyed.
The wyvern zombie bites you!
You die...

### ..# ..# ..# ..#
..#####################
.............°°○@Z....#
..###################.#
..# #.....# ..# #.#####
..# #. ..# #.
..######## #.
.......... ..
..#####... .Z


You could see a wyvern zombie.

Vanquished Creatures
  An orc priest (D:3)
  4 adders
  A worm (D:2)
  2 dart slugs
  3 orcs (D:3)
  5 bats
  2 endoplasms
  2 giant cockroaches
  6 goblins
  7 hobgoblins
  5 jackals (D:2)
  3 kobolds
  4 quokkas
  10 ball pythons
  6 frilled lizards
  2 rats (D:1)
63 creatures vanquished.

Vanquished Creatures (others)
  5 toadstools (D:1)
5 creatures vanquished.

Grand Total: 68 creatures vanquished

Notes
Turn   | Place    | Note
-------+----------+-------------------------------------------
     0 | Abyss:1  | shoop the Palentonga Abyssal Knight began the quest for the
                  | Orb.
     0 | Abyss:1  | Reached XP level 1. HP: 19/19 MP: 2/2
    99 | Abyss:1  | Noticed a wraith
   101 | D:1      | Escaped the Abyss
   454 | D:1      | Reached XP level 2. HP: 15/25 MP: 3/3
  1139 | D:2      | Reached skill level 3 in Axes
  1221 | D:2      | Reached XP level 3. HP: 26/31 MP: 4/4
  1226 | D:2      | Reached * piety under Lugonu
  1401 | D:2      | Reached skill level 1 in Stealth
  1822 | D:2      | Reached skill level 1 in Throwing
  1822 | D:2      | Reached XP level 4. HP: 34/37 MP: 5/5
  2378 | D:3      | Reached skill level 4 in Axes
  2603 | D:3      | Reached XP level 5. HP: 28/43 MP: 6/6
  2756 | D:3      | Reached ** piety under Lugonu
  2771 | D:3      | Found a faded altar of an unknown god.
  2803 | D:3      | Noticed Purgy
  2822 | D:4      | Noticed Duvessa
  2822 | D:4      | Noticed Dowan
  2968 | D:4      | Mangled by a wyvern zombie

Illustrated notes

Levels and vault maps discovered:
D:1:      ldierk_walled_garden, layout_loops_ring
D:2:      layout_rooms, serial_glass, glass_columns_a, glass_columns_b,
          glass_columns_a, glass_columns_b, glass_columns_b, glass_columns_a,
          glass_columns_a, glass_columns_c, glass_columns_b, glass_columns_b,
          minmay_pentomino_v4
D:3:      layout_rooms, xom_redecorated, chequers_ecumenical_altar_simple_redux,
          uniq_purgy
D:4:      layout_basic, chequers_temple_overflow_statue_of_worship,
          jmf_multi_god_temple2, uniq_duvessa

Skill      XL: |  1  2  3  4 |
---------------+-------------+-----
Axes           | 3 4 |  4.7
Stealth        | 1 |  1.0
Throwing       | 1 |  1.0
Fighting       | |  3.0
Armour         | |  1.5
Dodging        | |  0.7
Invocations    | |  2.0

Action                   |  1- 3 |  4- 6 || total
-------------------------+-------+-------++-------
Melee: Hand axe          |   119 |    86 ||   205
       Tailslap          |     7 |    12 ||    19
Invok: Depart the Abyss  |     1 |       ||     1
       Bend Space        |       |     1 ||     1
 Abil: Rolling Charge    |     6 |     3 ||     9
 Stab: Sleeping          |       |     1 ||     1
Armor: Leather armour    |    54 |    24 ||    78
Dodge: Dodged            |    56 |    46 ||   102
Block: Other             |    23 |    17 ||    40

Table legend: (Time is in decaauts)
 A = Elapsed time spent in this place.
 B = Non-inter-level travel time spent in this place.
 C = Inter-level travel time spent in this place.
 D = Time resting spent in this place.
 E = Time spent auto-exploring this place.
 F = Levels seen in this place.
 G = Mean time per level.
                   A        B        C        D        E       F      G
               +--------+--------+--------+--------+--------+-----+--------+
         Total |   3000 |   2941 |     59 |     74 |   2201 |   5 |  600.0 |
       Dungeon |   2899 |   2840 |     59 |     74 |   2109 |   4 |  724.8 |
         Abyss |    101 |    101 |      0 |      0 |     92 |   1 |  101.0 |
               +--------+--------+--------+--------+--------+-----+--------+

Top non-repeatable levels by time:
     D:2: 1227 daAuts
     D:1: 1019 daAuts
     D:3: 533 daAuts
     D:4: 118 daAuts
 Abyss:1: 101 daAuts
